 Dungeon Crawl Stone Soup version 0.30-a0-737-gf23d94013f (webtiles) character file.

Game seed: 4610636141179726060

1271 kae the Geomancer (level 8, -4/41 HPs)
             Began as a Gargoyle Earth Elementalist on Feb 2, 2023.
             Was a Follower of Vehumet.
             Slain by an orc warrior
             ... wielding a +0 trident
              (7 damage)
             ... on level 7 of the Dungeon.
             The game lasted 00:06:40 (6564 turns).

kae the Geomancer (Gargoyle Earth Elementalist)     Turns: 6564, Time: 00:06:41

Health: -4/41      AC:  7    Str: 12    XL:     8   Next: 53%
Magic:  7/32       EV: 11    Int: 18    God:    Vehumet [*.....]
Gold:   202        SH:  0    Dex: 10    Spells: 6/16 levels left

rFire   . . .      SeeInvis .    (no weapon)
rCold   . . .      Faith    .    (no shield)
rNeg    + . .      Spirit   .    a - +0 robe
rPois   ∞          Reflect  .    (no helmet)
rElec   +          Harm     .    (no cloak)
rCorr   .          Rampage  .    (no gloves)
Will    .....                    (no boots)
Stlth   ++                       (no amulet)
HPRegen 0.26/turn                W - ring of magical power
MPRegen 0.23/turn                w - ring of magical power

@: no status effects
A: sickness immunity, AC +5, negative energy resistance 1, electricity
resistance, torment resistance 1, petrification resistance
a: Renounce Religion


You were on level 7 of the Dungeon.
You worshipped Vehumet.
Vehumet was aware of your devotion.
You visited 2 branches of the dungeon, and saw 8 of its levels.
You also visited: Sewer.

You collected 482 gold pieces.
You spent 280 gold pieces at shops.


Innate Abilities, Weirdness & Mutations

You are immune to sickness and miasma.
Your stone body is resilient. (AC +5)
You are immune to poison.
You resist negative energy. (rN+)
You are resistant to electric shocks. (rElec)
You are resistant to unholy torment.
You are immune to petrification.


   Skills:
 - Level 1.5 Dodging
 - Level 2.1 Stealth
 + Level 4.5 Spellcasting
 * Level 6.5 Conjurations
 - Level 0.7 Transmutations
 * Level 8.6 Earth Magic


You had 6 spell levels left.
You knew the following spells:

 Your Spells              Type           Power      Damage    Failure   Level
a - Sandblast             Erth           70%        2d15      1%          1
b - Stone Arrow           Conj/Erth      62%        3d10      1%          3
c - Passwall              Tmut/Erth      16%        N/A       3%          2
d - Petrify               Tmut/Erth      20%        N/A       21%         4

Your spell library contained the following spells:

 Spells                   Type           Power      Damage    Failure   Level
 Foxfire                  Conj/Fire      60%        2x1d7     3%          1
 Frozen Ramparts          Ice            8%         1d2       38%         3
 Tukima's Dance           Hex            4%         N/A       38%         3
 Ice Form                 Ice/Tmut       5%         N/A       75%         4
 Manifold Assault         Tloc           4%         N/A       80%         4
 Passage of Golubria      Tloc           4%         N/A       80%         4
 Summon Ice Beast         Ice/Summ       4%         N/A       80%         4
 Yara's Violent Unravell  Hex/Tmut       2%         3d3       97%         5
 Dispersal                Tloc           2%         N/A       100%        6
 Disjunction              Tloc           2%         N/A       100%        8

Inventory:

Missiles
 c - 65 stones
 e - 8 poisoned darts
Armour
 a - a +0 robe (worn)
 h - the +2 leather armour "Typp" {Contam Int+5}
   (You found it on level 6 of the Dungeon)

   Int:       It affects your intelligence (+5).
   Contam:    It causes magical contamination when unequipped.
Jewellery
 w - a ring of magical power (right hand)
   (You found it in a sewer)
 F - a ring of protection from fire
   (You found it on level 6 of the Dungeon)
 L - a ring of flight
   (You found it on level 5 of the Dungeon)
 T - an amulet of faith {!P}
   (You bought it in a shop on level 7 of the Dungeon)
 W - a ring of magical power (left hand)
   (You found it on level 1 of the Dungeon)
 Z - a ring of wizardry
   (You found it on level 2 of the Dungeon)
Scrolls
 j - 5 scrolls of teleportation {@r4}
 l - 2 scrolls of blinking {!r}
 m - 2 scrolls of vulnerability {!r!r}
 p - a scroll of immolation {!r!r}
 r - a scroll of silence {!r}
 v - a scroll of fog
Potions
 b - a potion of magic
 d - a potion of heal wounds {@q2}
 f - 2 potions of attraction {!q}
 g - a potion of ambrosia
 i - a potion of might
 k - 2 potions of curing {@q1}
 n - a potion of brilliance
 o - a potion of invisibility {unknown}
 q - a potion of berserk rage {!q}
 s - a potion of haste {@q3}
 t - a potion of flight {unknown}
 u - a potion of lignification {unknown}

Dungeon Overview and Level Annotations

Branches:
Dungeon (7/15) Zot: 26667  Temple (1/1) D:5 Zot: 5967   Sewer (visited)

Altars:
Ashenzari
Cheibriados
Dithmenos
Elyvilon
Fedhas
Gozag
Hepliaklqana
Makhleb
Okawaru
Qazlal
Ru
Sif Muna
Trog
Uskayaw
Vehumet
Wu Jian
Xom
Yredelemnul
Zin
The Shining One

Shops:
D:1 ?   D:4 :   D:6 (   D:7 **:

Annotations:
D:3 3 runed translucent doors, Ijyb; funkygono's ghost, amateur GrFE
Temple 2 transporters

.... ..# #.# ##
#.## ###.##
#..###....##
#..##......##
#..)#o......##
##..@)........#
##...##..).....#
#...####..>....#
##..## #.......#
#####..##
#.......#
#######......#
##.....##
............##
....##
............##
#..##
######.......##
.##


You could see an orc warrior.


Message History

Casting: Sandblast (safe; 1% risk of failure)
Confirm with . or Enter, or press ? or * to list all spells.
Aiming: Stone Arrow (safe; 1% risk of failure)
Press: ? - help, Shift-Dir - straight line, f - orc wizard
Aim: an orc wizard, wielding a +0 dagger and wearing a +0 robe (67% to hit)
The stone arrow hits the orc wizard!
The orc warrior throws a boomerang.
The boomerang hits you. 😕 HP[-3] MP[-3]
You take 3 damage, and now have 33/41 hp.
You lost 3 mp, and now have 29/32 mp.
Casting: Stone Arrow (safe; 1% risk of failure)
Confirm with . or Enter, or press ? or * to list all spells.
Aiming: Stone Arrow (safe; 1% risk of failure)
Press: ? - help, Shift-Dir - straight line, f/p - orc wizard
Aim: an orc wizard, wielding a +0 dagger and wearing a +0 robe (almost dead, 67% to hit)
The stone arrow hits the orc wizard!!
You kill the orc wizard!
Vehumet accepts your kill.
The orc warrior hits you from afar with a +0 trident! 😮 HP[-8] MP[-3]
You take 8 damage, and now have 25/41 hp.
You lost 3 mp, and now have 26/32 mp.
Casting: Stone Arrow (safe; 1% risk of failure)
Confirm with . or Enter, or press ? or * to list all spells.
Aiming: Stone Arrow (safe; 1% risk of failure)
Press: ? - help, Shift-Dir - straight line, f - orc
Aim: an orc, wielding a +0 dagger and quivering boomerangs (74% to hit)
The stone arrow hits the orc!
You kill the orc!
Vehumet accepts your kill.
The orc warrior closely misses you. 😮 HP[+1] MP[-3]
You lost 3 mp, and now have 23/32 mp.
Unknown command.
Casting: Stone Arrow (safe; 1% risk of failure)
Confirm with . or Enter, or press ? or * to list all spells.
Aiming: Stone Arrow (safe; 1% risk of failure)
Press: ? - help, Shift-Dir - straight line, f - orc warrior
Aim: an orc warrior, wielding a +0 trident, wearing a +0 plate armour and quivering boomerangs (74% to hit)
The stone arrow hits the orc warrior!
The orc warrior hits you from afar with a +0 trident!
* * * LOW HITPOINT WARNING * * *
😨 HP[-10] MP[-2]
You take 10 damage, and now have 16/41 hp.
MASSIVE DAMAGE!! (PAUSE)
You lost 2 mp, and now have 21/32 mp.
Casting: Stone Arrow (safe; 1% risk of failure)
Confirm with . or Enter, or press ? or * to list all spells.
Aiming: Stone Arrow (safe; 1% risk of failure)
Press: ? - help, Shift-Dir - straight line, f/p - orc warrior
Aim: an orc warrior, wielding a +0 trident, wearing a +0 plate armour and quivering boomerangs (moderately wounded, 74% to hit)
The stone arrow hits the orc!
You kill the orc!
Vehumet accepts your kill.
The orc warrior throws a boomerang.
The boomerang hits you.
* * * LOW HITPOINT WARNING * * *
😨 HP[-3] MP[-3]
You take 3 damage, and now have 13/41 hp.
You lost 3 mp, and now have 18/32 mp.
Unknown command.
Casting: Stone Arrow (safe; 1% risk of failure)
Confirm with . or Enter, or press ? or * to list all spells.
Aiming: Stone Arrow (safe; 1% risk of failure)
Press: ? - help, Shift-Dir - straight line, f/p - orc warrior
Aim: an orc warrior, wielding a +0 trident, wearing a +0 plate armour and quivering boomerangs (moderately wounded, 74% to hit)
The stone arrow hits the orc warrior.
The orc warrior throws a boomerang.
The boomerang closely misses you. 😨 MP[-3]
You lost 3 mp, and now have 15/32 mp.
Casting: Stone Arrow (safe; 1% risk of failure)
Confirm with . or Enter, or press ? or * to list all spells.
Aiming: Stone Arrow (safe; 1% risk of failure)
Press: ? - help, Shift-Dir - straight line, f/p - orc warrior
Aim: an orc warrior, wielding a +0 trident, wearing a +0 plate armour and quivering boomerangs (heavily wounded, 74% to hit)
The stone arrow misses the orc warrior.
The orc warrior hits you from afar with a +0 trident!
* * * LOW HITPOINT WARNING * * *
Unknown command. 😱 HP[-8] MP[-3]
You take 8 damage, and now have 5/41 hp.
You lost 3 mp, and now have 12/32 mp.
Casting: Stone Arrow (safe; 1% risk of failure)
Confirm with . or Enter, or press ? or * to list all spells.
Aiming: Stone Arrow (safe; 1% risk of failure)
Press: ? - help, Shift-Dir - straight line, f/p - orc warrior
Aim: an orc warrior, wielding a +0 trident, wearing a +0 plate armour and quivering boomerangs (heavily wounded, 74% to hit)
The stone arrow hits the orc warrior!
The orc warrior hits you from afar with a +0 trident.
* * * LOW HITPOINT WARNING * * *
😱 HP[-2] MP[-3]
You take 2 damage, and now have 3/41 hp.
You lost 3 mp, and now have 9/32 mp.
Casting: Stone Arrow (safe; 1% risk of failure)
Confirm with . or Enter, or press ? or * to list all spells.
Aiming: Stone Arrow (safe; 1% risk of failure)
Press: ? - help, Shift-Dir - straight line, f/p - orc warrior
Aim: an orc warrior, wielding a +0 trident, wearing a +0 plate armour and quivering boomerangs (severely wounded, 74% to hit)
The stone arrow misses the orc warrior.
The orc warrior hits you from afar with a +0 trident!
You die...

Skill      XL: |  1  2  3  4  5  6  7  8 |
---------------+-------------------------+-----
Earth Magic    | 4 5 6 7 8 |  8.6
Conjurations   | 1 2 3 4 5 6 |  6.5
Spellcasting   | 3 4 |  4.5
Dodging        | |  1.5
Stealth        | |  2.1
Transmutations | |  0.7

Action                     |  1- 3 |  4- 6 |  7- 9 || total
---------------------------+-------+-------+-------++-------
  Melee: Unarmed           |     8 |     2 |       ||    10
   Cast: Sandblast         |    62 |   129 |    14 ||   205
         Stone Arrow       |       |       |    59 ||    59
    Use: Scroll            |     4 |     7 |     7 ||    18
         Potion            |       |     1 |       ||     1
 Armour: Robe              |    12 |    31 |     8 ||    51
  Dodge: Dodged            |    20 |    42 |    11 ||    73

Levels and vault maps discovered:
D:1:      scummos_arrival_forest, layout_basic, serial_shops, shop_scrolls,
          dreamdust_ecumenical_altar_hidden_monk_grotto
D:2:      layout_loops_ring, minmay_pentomino_p4
D:3:      layout_basic, gammafunk_ghost_split, nicolae_goblin_pals
D:4:      layout_rooms, mainiacjoe_overflow_alcove_1,
          nicolae_qazlal_scattered_showers, dk_noncrumbling_4,
          nicolae_shop_self_help
D:5:      layout_loops_corners, fedhas_altar_2,
          mainiacjoe_overflow_tiny_flanked, minmay_temple_entry_grid
D:6:      layout_cave_pools, gup_sewer_entry_glass, serial_shops,
          nicolae_shop_hallway_plus
D:7:      layout_cave_pods, serial_shops, nicolae_shop_crystal, shop_coins,
          kennysheep_mini, shop, minmay_unpleasant_kobolds
Temple:   hellmonk_temple_divided_pantheon

Notes
Turn   | Place    | Note
-------+----------+-------------------------------------------
     0 | D:1      | kae the Gargoyle Earth Elementalist began the quest for the
                  | Orb.
     0 | D:1      | Reached XP level 1. HP: 10/10 MP: 3/3
     0 | D:1      | magus.rc [v1.11.3]
    50 | D:1      | You pick up a book of Rime and begin reading...
    50 | D:1      | You add the spells Frozen Ramparts, Ice Form and Summon Ice
                  | Beast to your library.
   124 | D:1      | Reached skill level 4 in Earth Magic
   221 | D:1      | Reached XP level 2. HP: 15/15 MP: 1/5
   350 | D:1      | Found a faded altar of an unknown god.
   734 | D:1      | Reached XP level 3. HP: 16/19 MP: 1/6
   746 | D:1      | Learned a level 3 spell: Stone Arrow
   749 | D:1      | Learned a level 2 spell: Passwall
   797 | D:1      | Found Gicicvo's Magic Scroll Shop.
   807 | D:1      | Bought a scroll of identify for 24 gold pieces
  1399 | D:2      | Reached skill level 1 in Conjurations
  1629 | D:2      | Reached XP level 4. HP: 24/24 MP: 7/7
  1635 | D:2      | Reached skill level 5 in Earth Magic
  1905 | D:3      | Found a runed translucent gate.
  1999 | D:3      | Found a runed translucent gate.
  1999 | D:3      | Found a runed translucent gate.
  2006 | D:3      | Noticed funkygono's ghost (amateur GrFE)
  2009 | D:3      | Noticed an ice beast
  2101 | D:3      | Noticed Ijyb
  2101 | D:3      | Noticed Robin
  2113 | D:3      | HP: 5/24 [disintegration (19)]
  2350 | D:2      | Killed Robin
  2351 | D:2      | Reached skill level 2 in Conjurations
  2517 | D:3      | Reached XP level 5. HP: 28/28 MP: 9/9
  2726 | D:4      | You fall into a shaft and drop 2 floors!
  2736 | D:6      | Identified the +0 robe of the Tick {rF+ rN++ Will+ Int-5}
  2757 | D:5      | Entered Level 5 of the Dungeon
  2763 | D:6      | Identified the +2 leather armour "Typp" {Contam Int+5}
  2810 | D:6      | You pick up a book of the Warp and begin reading...
  2810 | D:6      | You add the spells Manifold Assault, Dispersal and
                  | Disjunction to your library.
  2868 | D:6      | Found a glowing drain.
  2921 | Sewer    | Entered a sewer
  3083 | Sewer    | Reached skill level 3 in Spellcasting
  3218 | Sewer    | Reached skill level 3 in Conjurations
  3289 | Sewer    | Reached XP level 6. HP: 32/32 MP: 10/10
  3356 | Sewer    | Reached skill level 6 in Earth Magic
  3518 | D:6      | HP: 7/32 [hound (5)]
  3520 | D:6      | Reached skill level 4 in Conjurations
  3525 | D:6      | Reached XP level 7. HP: 15/36 MP: 12/12
  3525 | D:6      | HP: 9/36 [orc wizard/magic dart (6)]
  3608 | D:6      | Found Xowute's Antique Weapon Emporium.
  3696 | D:6      | Reached skill level 7 in Earth Magic
  3705 | D:6      | Reached skill level 5 in Conjurations
  3813 | D:6      | Reached skill level 4 in Spellcasting
  3816 | D:6      | Reached XP level 8. HP: 31/41 MP: 14/14
  4025 | D:6      | Reached skill level 8 in Earth Magic
  4169 | D:5      | You add the spells Tukima's Dance, Passage of Golubria and
                  | Yara's Violent Unravelling to your library.
  4190 | D:5      | Reached skill level 6 in Conjurations
  4381 | D:5      | Found a staircase to the Ecumenical Temple.
  4404 | Temple   | Entered the Ecumenical Temple
  4404 | Temple   | Found a transporter.
  4404 | Temple   | Found a transporter.
  4406 | Temple   | Found a transporter.
  4406 | Temple   | Found a transporter.
  4422 | Temple   | Became a worshipper of Vehumet
  4623 | D:5      | Found a blossoming altar of Fedhas.
  5082 | D:5      | Found a bloodstained altar of Trog.
  5257 | D:4      | Found a stormy altar of Qazlal.
  5417 | D:4      | Found Cemas's Self-Improvement Boutique.
  5526 | D:4      | Found a shadowy altar of Dithmenos.
  5957 | D:3      | Reached * piety under Vehumet
  5957 | D:3      | Offered knowledge of Foxfire by Vehumet.
  6239 | D:7      | Learned a level 4 spell: Petrify
  6315 | D:7      | Found Ucviruaz's Assorted Antiques.
  6349 | D:7      | Found Osoige's General Store.
  6378 | D:7      | Bought a clear potion for 27 gold pieces
  6378 | D:7      | Bought a viscous amethyst potion for 27 gold pieces
  6378 | D:7      | Bought a small copper amulet for 150 gold pieces
  6381 | D:7      | Bought a scroll of identify for 26 gold pieces
  6381 | D:7      | Bought a scroll of identify for 26 gold pieces
  6489 | D:7      | Found Vooduy's Book Boutique.
  6562 | D:7      | HP: 5/41 [orc warrior/+0 trident (9)]
  6564 | D:7      | Slain by an orc warrior

Vanquished Creatures
  An ice beast (D:5)
  2 black bears (D:6)
  3 ogres (D:6)
  A centaur (D:7)
  2 bullfrogs (Sewer)
  A necrophage (D:6)
  A hound (D:6)
  An iguana (D:5)
  5 orc wizards
  Robin (D:2)
  11 adders
  A white imp (D:7)
  An ufetubus (D:6)
  2 worms
  3 dart slugs
  13 orcs
  15 ball pythons
  7 bats
  19 endoplasms
  17 giant cockroaches
  9 hobgoblins
  3 jackals (D:2)
  9 kobolds
  17 quokkas
  14 frilled lizards
  12 goblins
  5 rats
176 creatures vanquished.

Table legend:
 A = Non-vault XP
 B = Vault XP
 C = Vault XP percentage of total XP
 D = Non-vault monster count
 E = Vault monster count
 F = Vault count percentage of total count
                 A         B        C        D         E       F
            +---------+---------+-------+---------+---------+-------
      Total |    1430 |     387 |  21.3 |     109 |      67 |  38.1
            +---------+---------+-------+---------+---------+-------
        D:1 |      39 |       0 |   0.0 |      24 |       0 |   0.0
        D:2 |      55 |      21 |  27.6 |      28 |       5 |  15.2
        D:3 |      47 |       9 |  16.1 |      14 |       5 |  26.3
        D:4 |      65 |       0 |   0.0 |      15 |       0 |   0.0
        D:5 |     210 |       0 |   0.0 |      11 |       0 |   0.0
        D:6 |     848 |      48 |   5.4 |      11 |       6 |  35.3
        D:7 |     166 |       0 |   0.0 |       6 |       0 |   0.0
      Sewer |       0 |     309 | 100.0 |       0 |      51 | 100.0
            +---------+---------+-------+---------+---------+-------

Illustrated notes

Table legend:
 A = Kills in this place as a percentage of kills in entire the game.
 B = Kills by you in this place as a percentage of kills by you in the entire game.
 C = Kills by friends in this place as a percentage of kills by friends in the entire game.
 D = Other kills in this place as a percentage of other kills in the entire game.
 E = Experience gained in this place as a percentage of experience gained in the entire game.
 F = Experience gained in this place divided by the number of levels of this place that you have seen.
                   A       B       C       D       E      F
               +-------+-------+-------+-------+-------+----------------------
         Total | 100.0 | 100.0 |   N/A |   N/A | 100.0 | 201.9
       Dungeon |  71.0 |  71.0 |   N/A |   N/A |  83.0 | 215.4
         Sewer |  29.0 |  29.0 |   N/A |   N/A |  17.0 | 309.0
               +-------+-------+-------+-------+-------+----------------------

Table legend: (Time is in decaauts)
 A = Elapsed time spent in this place.
 B = Non-inter-level travel time spent in this place.
 C = Inter-level travel time spent in this place.
 D = Time resting spent in this place.
 E = Time spent auto-exploring this place.
 F = Levels seen in this place.
 G = Mean time per level.
                   A        B        C        D        E       F      G
               +--------+--------+--------+--------+--------+-----+--------+
         Total |   6732 |   6471 |    261 |     54 |   5437 |   9 |  748.0 |
       Dungeon |   6082 |   5831 |    251 |     54 |   5038 |   7 |  868.9 |
        Temple |     32 |     23 |      9 |      0 |      6 |   1 |   32.0 |
         Sewer |    617 |    617 |      0 |      0 |    393 |   1 |  617.0 |
               +--------+--------+--------+--------+--------+-----+--------+

Top non-repeatable levels by time:
     D:1: 1129 daAuts
     D:5: 1122 daAuts
     D:6: 953 daAuts
     D:2: 924 daAuts
     D:3: 864 daAuts
     D:4: 756 daAuts
   Sewer: 617 daAuts
     D:7: 331 daAuts
  Temple: 32 daAuts
